NWL (28 & UNDER)
MENLO MANIACS @ RED DEER WRANGLERS
08/22/2029
 
TOP OF THE 1ST
Menlo Maniacs batting - Pitching for Red Deer Wranglers : RHP Arthur Kemp
Pitching: RHP Arthur Kemp
Batting: LHB Bernardo Rodríguez 0-0: Called Strike
0-1: Ball
1-1: Ball
2-1: SINGLE (Groundball, 6D)
Batting: RHB Joe Smith 0-0: Ball
1-0: Foul Ball, location: 2F
1-1: Ball
2-1: Ball
3-1: Called Strike
3-2: Strikes out swinging
Bernardo Rodríguez steals 2nd base
Batter strikes out.
Batting: LHB Bob Campbell 0-0: Called Strike
Bernardo Rodríguez steals 3rd base
0-1: Ball
1-1: SINGLE (Groundball, 56D)
Bernardo Rodríguez scores
Batting: RHB Joe Noble 0-0: Called Strike
Bob Campbell steals 2nd base
0-1: Ball
1-1: Swinging Strike
1-2: Strikes out swinging
Batting: RHB Gerald Miller 0-0: SINGLE (Groundball, 34S) (infield hit)
Bob Campbell to third
Batting: RHB Eleuterio Supardo 0-0: Foul Ball, location: 2F
0-1: Reached on error, E6 (Groundball, 6)
Bob Campbell scores
Gerald Miller to second
Batting: RHB Currito Campos 0-0: Called Strike
0-1: SINGLE (Groundball, 34D)
Gerald Miller to third
Eleuterio Supardo to second
Runner from 3rd tries for Home, SAFE, throw made home
Batting: LHB Ken Smith 0-0: Called Strike
0-1: Called Strike
0-2: Ball
1-2: Ball
2-2: Foul Ball, location: 2F
2-2: Ball
3-2: Foul Ball, location: 2F
3-2: Ground out 4-3 (Groundball, 34D)
Top of the 1st over - 3 runs, 4 hits, 1 error, 2 left on base; Menlo 3 - Red Deer 0
BOTTOM OF THE 1ST
Red Deer Wranglers batting - Pitching for Menlo Maniacs : RHP Tomás Silva
Pitching: RHP Tomás Silva
Batting: RHB Julián García 0-0: Called Strike
0-1: Ball
1-1: Called Strike
1-2: Foul Ball, location: 2F
1-2: Fly out, F4 (Popup, 4MD)
Batting: SHB Robbie Rhodes 0-0: Called Strike
0-1: Ball
1-1: Ball
2-1: Ball
3-1: Foul Ball, location: 2F
3-2: Base on Balls
Batting: LHB Edgar López 0-0: Called Strike
0-1: Ball
1-1: Swinging Strike
1-2: Ball
2-2: Strikes out swinging
Batting: LHB Jorge Olvera 0-0: Ball
1-0: Called Strike
1-1: Ball
2-1: Ball
3-1: Foul Ball, location: 2F
3-2: Base on Balls
Robbie Rhodes to second
Batting: RHB Pedro Cabrera 0-0: Ball
1-0: Swinging Strike
1-1: SINGLE (Groundball, 2R) (infield hit)
Robbie Rhodes to third
Jorge Olvera to second
Batting: RHB Joe Lewis 0-0: Called Strike
0-1: Foul Ball, location: 2F
0-2: Ball
1-2: Ball
2-2: Ball
3-2: Fly out, F4 (Popup, 34D)
Bottom of the 1st over - 0 runs, 1 hit, 0 errors, 3 left on base; Menlo 3 - Red Deer 0
TOP OF THE 2ND
Menlo Maniacs batting - Pitching for Red Deer Wranglers : RHP Arthur Kemp
Batting: RHB Glenn Carter 0-0: SINGLE (Groundball, 34D)
Batting: LHB Bernardo Rodríguez 0-0: Ball
1-0: Ball
2-0: Ball
3-0: Called Strike
3-1: Base on Balls
Glenn Carter to second
Batting: RHB Joe Smith 0-0: Swinging Strike
0-1: Ball
1-1: Called Strike
1-2: Foul Ball, location: 2F
1-2: Foul Ball, location: 2F
1-2: Ball
2-2: Fly out, F7 (Flyball, 78M)
Batting: LHB Bob Campbell 0-0: Ball
1-0: SINGLE (Groundball, 6S) (infield hit)
Glenn Carter to third
Bernardo Rodríguez to second
Batting: RHB Joe Noble 0-0: Fly out, F7 (Flyball, 78S)
Batting: RHB Gerald Miller 0-0: Called Strike
0-1: Ball
1-1: Called Strike
1-2: Foul Ball, location: 2F
1-2: Ground out 5-3 (Groundball, 56S)
Top of the 2nd over - 0 runs, 2 hits, 0 errors, 3 left on base; Menlo 3 - Red Deer 0
BOTTOM OF THE 2ND
Red Deer Wranglers batting - Pitching for Menlo Maniacs : RHP Tomás Silva
Batting: RHB Xavier López 0-0: SINGLE (Flyball, 89S)
Batting: RHB Ismael Ortíz 0-0: Ball
1-0: 2-RUN HOME RUN (Flyball, 7LD), Distance : 318 ft
Batting: LHB Héctor Santos 0-0: Ball
1-0: SINGLE (Line Drive, 89S)
Batting: RHB Julián García 0-0: Ball
1-0: Fielders Choice at 2nd, 6-4 (Groundball, 6)
Batting: SHB Robbie Rhodes 0-0: 2-RUN HOME RUN (Flyball, 9D), Distance : 345 ft
Batting: LHB Edgar López 0-0: Foul Ball, location: 2F
0-1: Ball
1-1: Ball
2-1: Foul Ball, location: 2F
2-2: Ball
3-2: Foul Ball, location: 2F
3-2: SINGLE (Line Drive, 8RS)
Batting: LHB Jorge Olvera 0-0: Called Strike
0-1: Ball
1-1: Ball
2-1: Called Strike
2-2: 2-RUN HOME RUN (Flyball, 9D), Distance : 344 ft
Batting: RHB Pedro Cabrera 0-0: Foul Ball, location: 2F
0-1: Ball
1-1: Ball
2-1: SINGLE (Flyball, 9LS)
Batting: RHB Joe Lewis 0-0: Ball
1-0: Fly out, F8 (Flyball, 89M)
Batting: RHB Xavier López 0-0: Swinging Strike
0-1: Ball
1-1: Foul Ball, location: 2F
Pickoff Throw to First - Error! E1
Pedro Cabrera to second
1-2: Ball
2-2: Foul Ball, location: 2F
2-2: Ball
3-2: Fly out, F3 (Popup, 3S)
Bottom of the 2nd over - 6 runs, 7 hits, 1 error, 1 left on base; Menlo 3 - Red Deer 6
TOP OF THE 3RD
Menlo Maniacs batting - Pitching for Red Deer Wranglers : RHP Arthur Kemp
Batting: RHB Eleuterio Supardo 0-0: Called Strike
0-1: Called Strike
0-2: Ball
1-2: Foul Ball, location: 2F
1-2: Fly out, F7 (Flyball, 7LS)
Batting: RHB Currito Campos 0-0: Swinging Strike
0-1: Foul Ball, location: 2F
0-2: Ball
1-2: Ball
2-2: Foul Ball, location: 2F
2-2: Ball
3-2: Fly out, F9 (Flyball, 9LM)
Batting: LHB Ken Smith 0-0: Ball
1-0: SINGLE (Groundball, 34D)
Pitching: RHP Josh Ewing
Batting: RHB Glenn Carter 0-0: Called Strike
Ken Smith steals 2nd base
0-1: Foul Ball, location: 2F
0-2: Strikes out looking
Top of the 3rd over - 0 runs, 1 hit, 0 errors, 1 left on base; Menlo 3 - Red Deer 6
BOTTOM OF THE 3RD
Red Deer Wranglers batting - Pitching for Menlo Maniacs : RHP Tomás Silva
Batting: RHB Ismael Ortíz 0-0: Ball
1-0: Ball
2-0: Called Strike
2-1: Foul Ball, location: 2F
2-2: SINGLE (Groundball, 56D)
Batting: LHB Héctor Santos 0-0: Called Strike
0-1: Foul Ball, location: 2F
0-2: Ball
1-2: SINGLE (Groundball, 4MD)
Ismael Ortíz to second
Batting: RHB Julián García 0-0: Ball
1-0: TRIPLE (Line Drive, 78XD)
Ismael Ortíz scores
Héctor Santos scores
Pitching: RHP Gerard Gustafson
Batting: SHB Robbie Rhodes 0-0: Swinging Strike
0-1: Swinging Strike
0-2: Strikes out swinging
Batting: LHB Edgar López 0-0: Fly out, F8 (Flyball, 8LD)
Runner from 3rd tags up, SCORES, no throw
Batting: LHB Jorge Olvera 0-0: Called Strike
0-1: Ball
1-1: Ground out U3 (Groundball, 34)
Bottom of the 3rd over - 3 runs, 3 hits, 0 errors, 0 left on base; Menlo 3 - Red Deer 9
TOP OF THE 4TH
Menlo Maniacs batting - Pitching for Red Deer Wranglers : RHP Josh Ewing
Batting: LHB Bernardo Rodríguez 0-0: Called Strike
0-1: Called Strike
0-2: Ball
1-2: Foul Ball, location: 2F
1-2: Foul Ball, location: 2F
1-2: Strikes out swinging
Batting: RHB Joe Smith 0-0: Ball
1-0: Ball
2-0: Ground out U3 (Groundball, 3L)
Batting: LHB Bob Campbell 0-0: Ground out 3-1 (Groundball, 34S)
Top of the 4th over - 0 runs, 0 hits, 0 errors, 0 left on base; Menlo 3 - Red Deer 9
BOTTOM OF THE 4TH
Red Deer Wranglers batting - Pitching for Menlo Maniacs : RHP Gerard Gustafson
Batting: RHB Pedro Cabrera 0-0: Foul Ball, location: 2F
0-1: Ball
1-1: Ball
2-1: Ground out 4-3 (Groundball, 34)
Batting: RHB Joe Lewis 0-0: Called Strike
0-1: Swinging Strike
0-2: Ball
1-2: Ball
2-2: Ball
3-2: Base on Balls
Batting: RHB Xavier López 0-0: Ball
1-0: Ball
2-0: Ball
3-0: Base on Balls
Joe Lewis to second
Batting: RHB Ismael Ortíz 0-0: Called Strike
0-1: Ball
1-1: Ball
2-1: Ball
3-1: Base on Balls
Joe Lewis to third
Xavier López to second
Batting: LHB Héctor Santos 0-0: Grounds into double play, 6-4-3 (Groundball, 6)
Bottom of the 4th over - 0 runs, 0 hits, 0 errors, 2 left on base; Menlo 3 - Red Deer 9
TOP OF THE 5TH
Menlo Maniacs batting - Pitching for Red Deer Wranglers : RHP Josh Ewing
Batting: RHB Joe Noble 0-0: Ball
1-0: Called Strike
1-1: Foul Ball, location: 2F
1-2: Ground out U3 (Groundball, 34)
Batting: RHB Gerald Miller 0-0: Ball
1-0: Called Strike
1-1: Foul Ball, location: 2F
1-2: Fly out, F6 (Line Drive, 6)
Batting: RHB Eleuterio Supardo 0-0: Ball
1-0: Called Strike
1-1: Ball
2-1: Foul Ball, location: 2F
2-2: Ball
3-2: Foul Ball, location: 2F
3-2: Base on Balls
Batting: RHB Currito Campos 0-0: SINGLE (Flyball, 89M)
Eleuterio Supardo to second
Runner from 2nd tries for 3rd, SAFE, no throw
Batting: LHB Ken Smith 0-0: Ball
1-0: Swinging Strike
1-1: Swinging Strike
1-2: Strikes out swinging
Top of the 5th over - 0 runs, 1 hit, 0 errors, 2 left on base; Menlo 3 - Red Deer 9
BOTTOM OF THE 5TH
Red Deer Wranglers batting - Pitching for Menlo Maniacs : RHP Gerard Gustafson
Batting: RHB Julián García 0-0: Swinging Strike
0-1: Ball
1-1: Ball
2-1: SOLO HOME RUN (Flyball, 7D), Distance : 369 ft
Batting: SHB Robbie Rhodes 0-0: Foul Ball, location: 2F
0-1: Ball
1-1: Ball
2-1: Ball
3-1: Base on Balls
Batting: LHB Edgar López 0-0: Ball
1-0: Ball
Error on foul ball, E5
2-1: Fly out, F4 (Line Drive, 4)
Batting: LHB Jorge Olvera Pickoff Throw to First - Error! E1
Robbie Rhodes to second
0-0: Ball
Robbie Rhodes is caught stealing 3rd base
1-0: Foul Ball, location: 2F
1-1: Ball
2-1: Ball
3-1: Ground out U3 (Groundball, 3)
Bottom of the 5th over - 1 run, 1 hit, 2 errors, 0 left on base; Menlo 3 - Red Deer 10
TOP OF THE 6TH
Menlo Maniacs batting - Pitching for Red Deer Wranglers : RHP Josh Ewing
Batting: RHB Glenn Carter 0-0: Ball
1-0: SINGLE (Groundball, 56D)
Batting: LHB Bernardo Rodríguez 0-0: Foul Ball, location: 2F
0-1: Ball
1-1: Called Strike
1-2: Fielders Choice at 2nd, 3-6 (Groundball, 34)
Batting: RHB Joe Smith 0-0: Ball
1-0: Ground out 4-3 (Groundball, 4)
Bernardo Rodríguez to second
Batting: LHB Bob Campbell 0-0: Foul Ball, location: 2F
0-1: Ball
1-1: Foul Ball, location: 2F
1-2: Foul Ball, location: 2F
1-2: Ball
2-2: SINGLE (Line Drive, 4M)
Bernardo Rodríguez to third
Batting: RHB Joe Noble 0-0: Called Strike
0-1: Ball
1-1: Foul Ball, location: 2F
1-2: Foul Ball, location: 2F
1-2: Fly out, F8 (Flyball, 8RM)
Top of the 6th over - 0 runs, 2 hits, 0 errors, 2 left on base; Menlo 3 - Red Deer 10
BOTTOM OF THE 6TH
Red Deer Wranglers batting - Pitching for Menlo Maniacs : RHP Gerard Gustafson
Batting: RHB Pedro Cabrera 0-0: Ball
1-0: SINGLE (Groundball, 6) (infield hit)
Batting: RHB Joe Lewis 0-0: Ball
1-0: Ball
Pedro Cabrera is caught stealing 2nd base
2-0: Called Strike
2-1: Ball
3-1: Foul Ball, location: 2F
3-2: Foul Ball, location: 2F
3-2: Base on Balls
Batting: RHB Xavier López 0-0: Ball
1-0: Foul Ball, location: 2F
1-1: Grounds into double play, 6-4-3 (Groundball, 6)
Bottom of the 6th over - 0 runs, 1 hit, 0 errors, 0 left on base; Menlo 3 - Red Deer 10
TOP OF THE 7TH
Menlo Maniacs batting - Pitching for Red Deer Wranglers : RHP Josh Ewing
Pitching: RHP Pat Hardy
Batting: RHB Gerald Miller 0-0: Called Strike
0-1: Ball
1-1: Called Strike
1-2: Ball
2-2: Foul Ball, location: 2F
2-2: Fly out, F9 (Flyball, 9)
Batting: RHB Eleuterio Supardo 0-0: Ball
1-0: Called Strike
1-1: Ball
2-1: Swinging Strike
2-2: Strikes out swinging
Batting: RHB Currito Campos 0-0: Ball
1-0: Called Strike
1-1: SINGLE (Flyball, 8LS)
Batting: LHB Ken Smith 0-0: Called Strike
0-1: TRIPLE (Line Drive, 78XD)
Currito Campos scores
Batting: RHB Glenn Carter 0-0: Foul Ball, location: 2F
0-1: Fly out, F7 (Flyball, 78S)
Top of the 7th over - 1 run, 2 hits, 0 errors, 1 left on base; Menlo 4 - Red Deer 10
BOTTOM OF THE 7TH
Red Deer Wranglers batting - Pitching for Menlo Maniacs : RHP Gerard Gustafson
Pitching: RHP Wayne Todd
Batting: RHB Ismael Ortíz 0-0: Foul Ball, location: 2F
0-1: Swinging Strike
0-2: DOUBLE (Line Drive, 7LD)
Batting: LHB Héctor Santos 0-0: Called Strike
0-1: Ball
1-1: Swinging Strike
1-2: Fly out, F7 (Flyball, 78D)
Batting: RHB Julián García 0-0: Ball
1-0: Called Strike
1-1: Ball
2-1: Swinging Strike
2-2: Ground out 5-3 (Groundball, 56)
Batting: SHB Robbie Rhodes 0-0: Ball
1-0: Ball
2-0: Ball
3-0: Called Strike
3-1: Base on Balls
Batting: LHB Edgar López 0-0: Ball
1-0: Ball
2-0: Fly out, F8 (Flyball, 8RXD)
Bottom of the 7th over - 0 runs, 1 hit, 0 errors, 2 left on base; Menlo 4 - Red Deer 10
TOP OF THE 8TH
Menlo Maniacs batting - Pitching for Red Deer Wranglers : RHP Pat Hardy
Now at 2B: Steve Burton
Batting: LHB Bernardo Rodríguez 0-0: Fly out, F8 (Flyball, 78M)
Batting: RHB Joe Smith 0-0: Called Strike
0-1: Called Strike
0-2: Strikes out swinging
Batting: LHB Bob Campbell 0-0: Foul Ball, location: 2F
0-1: Ball
1-1: Ball
2-1: SINGLE (Line Drive, 34)
Batting: RHB Joe Noble 0-0: Called Strike
0-1: Foul Ball, location: 2F
0-2: Ball
1-2: Strikes out looking
Top of the 8th over - 0 runs, 1 hit, 0 errors, 1 left on base; Menlo 4 - Red Deer 10
BOTTOM OF THE 8TH
Red Deer Wranglers batting - Pitching for Menlo Maniacs : RHP Wayne Todd
Batting: LHB Jorge Olvera 0-0: Foul Ball, location: 2F
0-1: Hit by Pitch
Batting: RHB Pedro Cabrera 0-0: Called Strike
0-1: Called Strike
0-2: Ball
1-2: Ball
2-2: Fly out, F9 (Flyball, 9LS)
Batting: RHB Joe Lewis 0-0: Ball
1-0: Foul Ball, location: 2F
1-1: Ball
2-1: Ball
3-1: Foul Ball, location: 2F
3-2: 2-RUN HOME RUN (Flyball, 7D), Distance : 349 ft
Batting: RHB Xavier López 0-0: Ball
1-0: Called Strike
1-1: Ball
2-1: Ball
3-1: Ground out 3-1 (Groundball, 34)
Batting: RHB Ismael Ortíz 0-0: Called Strike
0-1: Foul Ball, location: 2F
0-2: Ball
1-2: Ball
2-2: Fly out, F8 (Flyball, 8RS)
Bottom of the 8th over - 2 runs, 1 hit, 0 errors, 0 left on base; Menlo 4 - Red Deer 12
TOP OF THE 9TH
Menlo Maniacs batting - Pitching for Red Deer Wranglers : RHP Pat Hardy
Now at C: Ricardo González
Batting: RHB Gerald Miller 0-0: Ball
1-0: Foul Ball, location: 2F
1-1: Swinging Strike
1-2: Ball
2-2: SINGLE (Flyball, 8RM)
Batting: RHB Eleuterio Supardo 0-0: Ball
1-0: Ball
2-0: Ball
3-0: Base on Balls
Gerald Miller to second
Batting: RHB Currito Campos 0-0: Ball
1-0: Foul Ball, location: 2F
1-1: Swinging Strike
1-2: Foul Ball, location: 2F
1-2: Ball
2-2: Foul Ball, location: 2F
2-2: SINGLE (Flyball, 8RS)
Gerald Miller to third
Eleuterio Supardo to second
Batting: LHB Ken Smith 0-0: Swinging Strike
0-1: Ball
1-1: DOUBLE (Flyball, 78D)
Gerald Miller scores
Eleuterio Supardo scores
Currito Campos to third
Batting: RHB Glenn Carter 0-0: Foul Ball, location: 2F
0-1: Swinging Strike
0-2: Ball
1-2: Ball
2-2: Foul Ball, location: 2F
2-2: Strikes out swinging
Batting: LHB Bernardo Rodríguez 0-0: Foul Ball, location: 2F
0-1: Foul Ball, location: 2F
0-2: Ball
1-2: Ball
2-2: SINGLE (Line Drive, 6M)
Currito Campos scores
Ken Smith to third
Batting: RHB Joe Smith 0-0: Fly out, F3 (Popup, 3SF)
Batting: LHB Bob Campbell 0-0: SINGLE (Groundball, 2L) (infield hit)
Ken Smith scores
Bernardo Rodríguez to second
Pitching: RHP Pat Ferson
Batting: RHB Joe Noble 0-0: Ball
1-0: Ball
2-0: Ground out 4-3 (Groundball, 4)
Top of the 9th over - 4 runs, 5 hits, 0 errors, 2 left on base; Menlo 8 - Red Deer 12
Saturday, December 16th, 2017 - OOTP Baseball 18.8 Build 76